 Dungeon Crawl Stone Soup version 0.30-a0-618-gd6c86c23d0 (webtiles) character file.

Game seed: 13215596890554145139

94 Monkooky the Trooper (level 4, 0/39 HPs)
             Began as a Barachi Hexslinger on Jan 9, 2023.
             Was a Follower of Elyvilon.
             Slain by an orc
             ... wielding a +0 trident
              (7 damage)
             ... on level 3 of the Dungeon.
             The game lasted 00:03:41 (1562 turns).

Monkooky the Trooper (Barachi Hexslinger)           Turns: 1562, Time: 00:03:41

Health: 0/39       AC: 10    Str: 13    XL:     4   Next: 63%
Magic:  5/5        EV:  3    Int: 14    God:    Elyvilon [*.....]
Gold:   33         SH:  0    Dex: 12    Spells: 4/5 levels left

rFire   . . .      SeeInvis .    e - +3 whip
rCold   . . .      Faith    .    (no shield)
rNeg    . . .      Spirit   .    g - +0 plate armour
rPois   .          Reflect  .    (no helmet)
rElec   .          Harm     .    i - scarf {repulsion}
rCorr   .          Rampage  .    (no gloves)
Will    .....                    (no boots) Stlth
                                 (no amulet)
HPRegen 0.26/turn                (no ring)
MPRegen 0.09/turn                (no ring)

@: repel missiles, slow
A: amphibious, slowness 1, strong legs 1, +LOS
a: Hop, Renounce Religion, Purification


You were on level 3 of the Dungeon.
You worshipped Elyvilon.
Elyvilon was aware of your devotion.
You visited 1 branch of the dungeon, and saw 3 of its levels.

You collected 33 gold pieces.

Inventory:

Hand Weapons
 a - a +1 sling
 e - a +3 whip (weapon)
Armour
 c - a +0 robe
 g - a +0 plate armour (worn)
 i - a scarf of repulsion (worn)
Scrolls
 b - a scroll of poison
 d - 3 scrolls of identify {unknown}
 h - a scroll of teleportation {unknown}
 k - a scroll of immolation {unknown}
 m - a scroll of magic mapping {unknown}
Potions
 f - 2 potions of degeneration {unknown}
 j - 2 potions of heal wounds {unknown}
 l - 3 potions of lignification {unknown}


   Skills:
 - Level 5.0 Fighting
 - Level 2.0 Ranged Weapons
 * Level 1.0 Armour
 - Level 2.2 Dodging
 - Level 1.1 Spellcasting
 - Level 3.3 Hexes


You had 4 spell levels left.
You knew the following spells:

 Your Spells              Type           Power      Damage    Failure   Level
a - Slow                  Hex            40%        N/A       100%        1

Your spell library contained the following spells:

 Spells                   Type           Power      Damage    Failure   Level
 Inner Flame              Hex/Fire       5%         N/A       100%        3
 Portal Projectile        Hex/Tloc       10%        N/A       100%        3
 Cause Fear               Hex            5%         N/A       100%        4


Dungeon Overview and Level Annotations

Branches:
Dungeon (3/15)

Altars:
Elyvilon


Innate Abilities, Weirdness & Mutations

You are amphibious.
You cover ground slowly.
You can hop short distances.
You have an extended range of vision and can be seen from far away.


Message History

You barely miss the orc. The orc hits you but does no damage. x2
You hit the orc.
The orc is almost dead.
The orc hits you with a +0 flail.
The orc hits you from afar with a +0 trident.
You hit the orc.
You kill the orc!
The orc completely misses you. The orc hits you with a +0 trident.
Items here: )) ††.
You barely miss the orc. The orc hits you with a +0 trident.
You closely miss the orc. The orc hits you but does no damage. x2
You barely miss the orc. The orc hits you with a +0 trident.
You hit the orc.
The orc is heavily wounded.
The orc hits you with a +0 trident.
You whack the orc!
You kill the orc!
You hit the orc. You punch the orc, but do no damage.
The orc is lightly wounded.
The orc hits you from afar with a +0 trident.
The orc hits you but does no damage.
You hit the orc.
You kill the orc!
The orc hits you from afar with a +0 trident.
Your Armour skill increases to level 1!
You are too injured to fight recklessly!
You are too injured to fight recklessly!
The orc hits you with a +0 trident.
Things that are here:
a +1 heavy war axe; a +0 ring mail; a +0 trident You hit the orc but do no damage.
The orc hits you with a +0 trident.
You hit the orc.
The orc is almost dead.
The orc hits you with a +0 trident.
* * * LOW HITPOINT WARNING * * *
You closely miss the orc.
The orc is almost dead.
The orc hits you with a +0 trident!
You die...

###.###.#..........
#.....###########
####.>........
#.#######.####..###
#..................
#########.####..###
#.# #.#####.####
#))@o.......
#######.####


You could see an orc.

Vanquished Creatures
  Terence (D:2)
  2 adders (D:2)
  4 orcs (D:3)
  2 ball pythons (D:2)
  6 endoplasms
  2 giant cockroaches
  4 goblins
  2 hobgoblins (D:2)
  3 jackals (D:1)
  5 kobolds
  5 bats
  6 frilled lizards (D:2)
  2 rats (D:2)
44 creatures vanquished.

Notes
Turn   | Place    | Note
-------+----------+-------------------------------------------
     0 | D:1      | Monkooky the Barachi Hexslinger began the quest for the
                  | Orb.
     0 | D:1      | Reached XP level 1. HP: 15/15 MP: 2/2
    15 | D:1      | You fall into a shaft and drop 1 floor!
   229 | D:1      | Reached skill level 2 in Fighting
   307 | D:1      | Reached XP level 2. HP: 22/22 MP: 3/3
   846 | D:1      | Reached skill level 3 in Fighting
   983 | D:2      | Reached XP level 3. HP: 25/29 MP: 4/4
  1000 | D:2      | Noticed Terence
  1029 | D:2      | Killed Terence
  1030 | D:2      | Reached skill level 4 in Fighting
  1030 | D:2      | Reached XP level 4. HP: 21/38 MP: 5/5
  1258 | D:2      | Found a faded altar of an unknown god.
  1293 | D:2      | Reached skill level 5 in Fighting
  1296 | D:2      | Prayed at the altar of an unknown god.
  1296 | D:2      | Became a worshipper of Elyvilon the Healer
  1296 | D:2      | Reached * piety under Elyvilon
  1559 | D:3      | Reached skill level 1 in Armour
  1562 | D:3      | Slain by an orc

Illustrated notes

Levels and vault maps discovered:
D:1:      minmay_arrival_shattered_statue, layout_basic
D:2:      layout_basic, chequers_ecumenical_altar_simple_redux,
          minmay_lizard_pond, uniq_terence
D:3:      layout_basic

Skill      XL: |  1  2  3  4 |
---------------+-------------+-----
Fighting       | 2 3 4 5 |  5.0
Armour         | 1 |  1.0
Ranged Weapons | |  2.0
Dodging        | |  2.2
Spellcasting   | |  1.1
Hexes          | |  3.3

Action                   |  1- 3 |  4- 6 || total
-------------------------+-------+-------++-------
Melee: Whip              |    81 |    52 ||   133
       Punch             |       |     3 ||     3
 Fire: Sling             |    11 |       ||    11
 Cast: Slow              |     2 |       ||     2
 Abil: Hop               |     1 |       ||     1
Armor: Robe              |    22 |       ||    22
       Plate armour      |    18 |    48 ||    66
Dodge: Dodged            |    45 |     7 ||    52

Table legend: (Time is in decaauts)
 A = Elapsed time spent in this place.
 B = Non-inter-level travel time spent in this place.
 C = Inter-level travel time spent in this place.
 D = Time resting spent in this place.
 E = Time spent auto-exploring this place.
 F = Levels seen in this place.
 G = Mean time per level.
                   A        B        C        D        E       F      G
               +--------+--------+--------+--------+--------+-----+--------+
         Total |   1810 |   1770 |     40 |      0 |   1426 |   3 |  603.3 |
       Dungeon |   1810 |   1770 |     40 |      0 |   1426 |   3 |  603.3 |
               +--------+--------+--------+--------+--------+-----+--------+

Top non-repeatable levels by time:
     D:1: 1118 daAuts
     D:2: 652 daAuts
     D:3: 39 daAuts
